 Dungeon Crawl Stone Soup version 0.21.1-1-g345015f (webtiles) character file.

156 sking99 the Ruffian (level 5, 0/47 HPs)
             Began as a Troll Monk on July 2, 2018.
             Was a Believer of Hepliaklqana.
             Killed from afar by an orc wizard (5 damage)
             ... with a puff of frost
             ... on level 4 of the Dungeon.
             The game lasted 00:09:40 (2373 turns).

sking99 the Ruffian (Troll Monk)                    Turns: 2373, Time: 00:09:41

Health: 0/47       AC:  5    Str: 19    XL:     5   Next: 14%
Magic:  4/4        EV: 10    Int:  6    God:    Hepliaklqana [**....]
Gold:   92         SH:  0    Dex: 13    Spells: 4/4 levels left

rFire    . . .     SeeInvis .     - Unarmed
rCold    . . .     Gourm    +   (no shield)
rNeg     . . .     Faith    .   a - +0 robe
rPois    .         Spirit   .   (helmet restricted)
rElec    .         Reflect  .   (no cloak)
rCorr    .         Harm     .   (gloves unavailable)
MR       .....                  (boots unavailable)
Stlth    ++........             (no amulet)
HPRegen  0.55/turn              (no ring)
MPRegen  0.09/turn              (no ring)

@: no status effects
A: large, unfitting armour, reduced essence, claws 3, fast metabolism 3,
gourmand, regeneration 1, shaggy fur 1, tough skin 2
a: Recall Ancestor, Ancestor Identity, Renounce Religion


You were on level 4 of the Dungeon.
You worshipped Hepliaklqana.
Hepliaklqana was pleased with you.
You were very full.

You visited 1 branch of the dungeon, and saw 4 of its levels.

You collected 92 gold pieces.

Inventory:

Missiles
 e - 97 stones (quivered)
 l - 5 javelins
Armour
 a - a +0 robe (worn)
Jewellery
 m - an uncursed ring of see invisible {unknown}
Scrolls
 h - a scroll of amnesia {unknown}
 i - 3 scrolls of remove curse {unknown}
 n - a scroll of random uselessness {unknown}
 p - a scroll of enchant armour {unknown}
 r - a scroll of blinking {unknown}
 t - 3 scrolls of identify {unknown}
 u - a scroll of teleportation {unknown}
 w - a scroll of magic mapping {unknown}
Potions
 c - 2 potions of brilliance {unknown}
 d - a potion of ambrosia {unknown}
 f - 3 potions of might {unknown}
 g - a potion of magic {unknown}
 j - 2 potions of heal wounds {unknown}
 k - a potion of haste {unknown}
 q - a potion of curing {unknown}
Books
 s - a book of Misfortune

   Spells                             Type                      Level
   a - Confusing Touch                Hexes                        1
   b - Confuse                        Hexes                        3
   c - Gell's Gravitas                Translocation                3
   d - Petrify                        Transmutation/Earth          4
   e - Metabolic Englaciation         Hexes/Ice                    5
   f - Yara's Violent Unravelling     Hexes/Transmutation          5
 v - a book of Minor Magic

   Spells                             Type                      Level
   a - Magic Dart                     Conjuration                  1
   b - Blink                          Translocation                2
   c - Call Imp                       Summoning                    2
   d - Slow                           Hexes                        2
   e - Conjure Flame                  Conjuration/Fire             3
   f - Mephitic Cloud                 Conjuration/Poison/Air       3
Comestibles
 b - 10 rations


   Skills:
 + Level 3.3 Fighting
 - Level 2.4 Dodging
 - Level 1.0 Stealth
 * Level 5.1 Unarmed Combat


You had 4 spell levels left.
You didn't know any spells.

Dungeon Overview and Level Annotations

Branches:
Dungeon (4/15)
 Temple: D:4-7

Altars:
Hepliaklqana
Kikubaaqudgha
Sif Muna
Trog
Yredelemnul


Innate Abilities, Weirdness & Mutations

You are too large for most types of armour.
You have claws for hands.
Your metabolism is lightning-fast.
You like to eat raw meat.
Your natural rate of healing is unusually fast.
You are covered in fur. (AC +1)
You have very tough skin. (AC +2)
Your life essence is reduced to manifest your ancestor. (-10% HP)


Message History

Something completely misses you.
Something closely misses Arammadara.
Arammadara hits something with a dagger of draining.
Something hits you.
* * * LOW HITPOINT WARNING * * *
You scratch something but do no damage. Your claw misses something.
Something hits you but does no damage.
Arammadara has departed this plane of existence.
You miss something.
Something hits you but does no damage. x2
You scratch something. Something hits you but does no damage.
You miss something. Something hits you.
* * * LOW HITPOINT WARNING * * *
You closely miss something.
You hear some strange, mumbled words.
A puff of frost appears from out of thin air!
The puff of frost hits you!
* * * LOW HITPOINT WARNING * * *
You hear some strange, mumbled words.
A puff of frost appears from out of thin air!
The puff of frost hits you!
You die...

##...###'##..###
#######.##..##.
#.......... ###
#.......... #######.#
#..........
#.......########..##.....
#....w_w#.....##..##.....
##...).#{.............[..
#...o..#@................
#...o..#.................
##.....#...≈≈≈≈≈.........
#.....+.≈≈≈≈≈≈≈≈.#######
.....######≈≈≈≈≈≈≈≈#
.....# ###≈###### .##...#
### ... #...


You could see a worm.

Vanquished Creatures
  4 adders (D:2)
  2 oozes (D:3)
  2 dart slugs (D:1)
  8 orcs
  2 ball pythons (D:2)
  A giant cockroach (D:1)
  6 goblins
  9 hobgoblins
  4 jackals
  2 quokkas (D:3)
  8 bats
  2 frilled lizards
  7 kobolds
  2 rats
59 creatures vanquished.

Vanquished Creatures (collateral kills)
  An orc priest (D:3)
  An orc (D:3)
  2 bats (D:3)
  A giant cockroach (D:4)
  A hobgoblin (D:3)
  A jackal (D:3)
7 creatures vanquished.

Vanquished Creatures (others)
  A hexer (D:4)
1 creature vanquished.

Grand Total: 67 creatures vanquished

Notes
Turn   | Place    | Note
-------+----------+-------------------------------------------
     0 | D:1      | sking99 the Troll Monk began the quest for the Orb.
     0 | D:1      | Reached XP level 1. HP: 22/22 MP: 0/0
   368 | D:1      | Reached XP level 2. HP: 29/29 MP: 1/1
   884 | D:2      | Reached XP level 3. HP: 36/36 MP: 2/2
   984 | D:2      | Reached skill level 4 in Unarmed Combat
  1261 | D:2      | Reached XP level 4. HP: 33/45 MP: 3/3
  1433 | D:2      | Found a hazy altar of Hepliaklqana.
  1436 | D:2      | Found a deep blue altar of Sif Muna.
  1439 | D:2      | Found a bloodstained altar of Trog.
  1445 | D:2      | Became a worshipper of Hepliaklqana the Forgotten
  1445 | D:2      | Reached * piety under Hepliaklqana
  1445 | D:2      | Reached ** piety under Hepliaklqana
  1446 | D:2      | Remembered your ancestor Arammadara as a hexer
  1541 | D:3      | Found a basalt altar of Yredelemnul.
  1897 | D:3      | Reached skill level 5 in Unarmed Combat
  1897 | D:3      | Reached XP level 5. HP: 37/47 MP: 4/4
  2344 | D:4      | Found an ancient bone altar of Kikubaaqudgha.
  2373 | D:4      | Killed from afar by an orc wizard

Skill      XL: |  1  2  3  4 |
---------------+-------------+-----
Unarmed Combat | 4 5 |  5.1
Fighting       | 3 |  3.3
Dodging        | |  2.4
Stealth        | |  1.0

Action                   |  1- 3 |  4- 6 || total
-------------------------+-------+-------++-------
Melee: Unarmed           |    82 |    56 ||   138
       Punch             |     1 |     2 ||     3
Throw: Stone             |    25 |     3 ||    28
Invok: Ancestor Life: He |       |     1 ||     1
       Ancestor Identity |       |     1 ||     1
 Stab: Confused          |       |     1 ||     1
  Eat: Chunk             |    17 |     8 ||    25
Armor: Robe              |    21 |    31 ||    52
Dodge: Dodged            |    25 |    25 ||    50
